 Dungeon Crawl Stone Soup version 0.28-a0-1506-g3893175d92 (webtiles) character file.

Game seed: 7796744158790225495

8903 tatocazan the Fighter (level 11, 0/72 HPs)
             Began as a Gargoyle Fighter on Jan 13, 2022.
             Was an Elder of Okawaru.
             Slain by an eight-headed hydra (7 damage)
             ... on level 13 of the Dungeon.
             The game lasted 00:16:59 (14593 turns).

tatocazan the Fighter (Gargoyle Fighter)           Turns: 14593, Time: 00:17:00

Health: 0/72       AC: 23    Str: 25    XL:     11   Next: 38%
Magic:  14/14      EV:  9    Int:  8    God:    Okawaru [****..]
Gold:   625        SH:  5    Dex:  9    Spells: 10/10 levels left

rFire   + . .      SeeInvis .   J - +3 flail (freeze)
rCold   . . .      Faith    .   c - +0 buckler
rNeg    + . .      Spirit   .   v - +0 scale mail {rF+}
rPois   ∞          Reflect  .   y - +0 helmet
rElec   +          Harm     .   (no cloak)
rCorr   .          Rampage  .   i - +0 pair of gloves
Will    .....                   (no boots)
Stlth   ..........              (no amulet)
HPRegen 0.22/turn               e - +4 ring of protection
MPRegen 0.14/turn               (no ring)

@: about to teleport, studying Axes
A: sickness immunity, AC +8, negative energy resistance 1, electricity
resistance, torment resistance 1, petrification resistance
a: Renounce Religion, Heroism, Finesse


You were on level 13 of the Dungeon.
You worshipped Okawaru.
Okawaru was greatly pleased with you.
You visited 2 branches of the dungeon, and saw 13 of its levels.

You collected 625 gold pieces.

Inventory:

Hand Weapons
 a - a +0 flail of draining
 D - a +2 flail of pain
 J - a +3 flail of freezing (weapon)
 P - a +2 hand crossbow of flaming
Missiles
 j - 19 poisoned darts (quivered)
Armour
 b - a +0 scale mail
 c - a +0 buckler (worn)
 i - a +0 pair of gloves (worn)
 v - a +0 scale mail of fire resistance (worn)
 y - a +0 helmet (worn)
 z - a +0 plate armour
Jewellery
 e - a +4 ring of protection (left hand)
 g - a ring of protection from cold
 u - a ring of resist corrosion
 G - a ring of resist corrosion
 N - a ring of positive energy
 Q - an amulet of magic regeneration
Wands
 t - a wand of iceblast (14)
 E - a wand of polymorph (11)
 I - a wand of paralysis (3)
 K - a wand of acid (6)
 M - a wand of digging (7)
 R - a wand of flame (3)
Scrolls
 f - a scroll of fear {unknown}
 k - a scroll of teleportation
 l - 13 scrolls of identify
 m - a scroll of amnesia {unknown}
 o - 3 scrolls of brand weapon
 r - 3 scrolls of enchant armour {unknown}
 s - a scroll of vulnerability {unknown}
 w - 2 scrolls of enchant weapon {unknown}
 H - 3 scrolls of immolation {unknown}
 L - a scroll of magic mapping {unknown}
Potions
 d - 2 potions of might
 h - a potion of ambrosia {unknown}
 n - 2 potions of flight
 p - a potion of attraction {unknown}
 q - 2 potions of invisibility {unknown}
 x - a potion of cancellation {unknown}
 A - a potion of lignification {unknown}
 B - 2 potions of haste {unknown}
 C - 2 potions of heal wounds
 F - a potion of degeneration {unknown}
 O - 2 potions of curing


   Skills:
 + Level 10.0 Fighting
 * Level 9.7 Maces & Flails
 + Level 9.9 Armour
 - Level 9.0 Shields
 + Level 4.0 Invocations


You had 10 spell levels left.
You didn't know any spells.
Your spell library contained the following spells:

 Spells                   Type           Power      Damage    Failure   Level
 Freeze                   Ice            0%         1d3       73%         1
 Magic Dart               Conj           0%         1d3       73%         1
 Shock                    Conj/Air       0%         1d3       73%         1
 Blink                    Tloc           0%         N/A       86%         2
 Searing Ray              Conj           0%         2d4       86%         2
 Confusing Touch          Hex            0%         N/A       97%         3
 Frozen Ramparts          Ice            0%         1d2       97%         3
 Lesser Beckoning         Tloc           0%         N/A       97%         3
 Swiftness                Air            0%         N/A       97%         3
 Airstrike                Air            0%         N/A       100%        4
 Fulminant Prism          Conj/Hex       0%         3d6       100%        4
 Hailstorm                Conj/Ice       0%         3d3       100%        4
 Lightning Bolt           Conj/Air       0%         1d11      100%        5
 Manifold Assault         Tloc           0%         N/A       100%        5
 Yara's Violent Unravell  Hex/Tmut       0%         3d3       100%        5
 Enfeeble                 Hex            0%         N/A       100%        7
 Summon Lightning Spire   Summ/Air       Unusable   N/A       N/A         4

Dungeon Overview and Level Annotations

Branches:
Dungeon (11/15)            Temple (1/1) D:7            Lair (0/6) D:8
    Orc (0/2) D:9

Altars:
Ashenzari
Cheibriados
Dithmenos
Elyvilon
Fedhas
Gozag
Hepliaklqana
Kikubaaqudgha
Makhleb
Nemelex Xobeh
Okawaru
Qazlal
Ru
Sif Muna
Trog
Uskayaw
Vehumet
Wu Jian
Xom
Yredelemnul
Zin
The Shining One

Shops:
D:9 !   D:10 !

Annotations:
D:7 1 runed translucent door, Adrian566's ghost, novice HOFi


Innate Abilities, Weirdness & Mutations

You are immune to sickness and miasma.
Your stone body is resilient. (AC +8)
You are immune to poison.
You resist negative energy. (rN+)
You are resistant to electric shocks. (rElec)
You are resistant to unholy torment.
You are immune to petrification.


Message History

a +0 shortbow; 24 arrows; a centaur corpse Health restored: 72; MP restored: 14
j - 19 poisoned darts (gained 4)
An eight-headed hydra comes into view.
The eight-headed hydra roars!
A yaktaur comes into view.
The eight-headed hydra moves out of view.
A yaktaur is nearby!
The yaktaur shouts!
You hear a shout!
A yaktaur captain comes into view.
The yaktaur captain shouts!
The yaktaur wields a +0 arbalest.
The yaktaur shoots a bolt.
The bolt hits you.
You take 6 damage, and have 66/72 hp.
A yaktaur comes into view.
The yaktaur shouts!
You hit the yaktaur. You freeze the yaktaur.
The yaktaur is lightly wounded.
The yaktaur unwields a +0 arbalest.
The yaktaur hits you but does no damage.
You sock the yaktaur! You freeze the yaktaur.
The yaktaur is moderately wounded.
The eight-headed hydra barely misses you.
The eight-headed hydra bites you but does no damage. x2
You block the eight-headed hydra's attack.
The eight-headed hydra bites you but does no damage.
You block the eight-headed hydra's attack.
The eight-headed hydra misses you.
You block the eight-headed hydra's attack.
The yaktaur wields a +0 arbalest.
The yaktaur shoots a bolt.
The bolt hits you!
The yaktaur captain wields a +0 arbalest.
The yaktaur captain shoots a bolt.
The bolt hits you!!!
Ouch! That really hurt!
* * * LOW HITPOINT WARNING * * *
The yaktaur wields a +0 arbalest.
The yaktaur shoots a bolt.
The bolt hits you!
* * * LOW HITPOINT WARNING * * *
You take 60 damage, and have 7/72 hp.
MASSIVE DAMAGE!!
The yaktaur shoots a bolt.
You block the bolt.
As you read the scroll of teleportation, it crumbles to dust.
You feel strangely unstable. The eight-headed hydra bites you!
You die...

### #. ..^ #. #####.##
###.######......### .#
#>......##.c.......
...
#.......##.cc......
#..#........@D#.#.....
#.#.......#....# ...
#.........##.#.# .
##.......##.....
#..........#.#.#
#..)....##.......
###.##########.+##
#..## .. ##..#


You could see a yaktaur captain, an eight-headed hydra and 2 yaktaurs.

Vanquished Creatures
  A centaur warrior (D:13)
  A two-headed ogre (D:11)
  The ghost of murtidash the Chopper, a novice HODe of Yredelemnul (D:6)
  A deep elf pyromancer (D:10)
  A manticore (D:9)
  Maggie (D:8)
  Psyche (D:7)
  3 trolls
  A hornet (D:9)
  Grinder (D:3)
  3 wyverns
  A yak (D:6)
  A wraith (D:11)
  Grum (D:7)
  A steam dragon (D:6)
  3 vampire mosquitoes (D:10)
  A water moccasin (D:9)
  2 ice beasts (D:7)
  2 orc warriors
  3 sky beasts
  A necrophage (D:7)
  2 ogres
  2 wolves
  3 centaurs
  2 bullfrogs
  3 gnoll sergeants
  2 scorpions (D:4)
  7 killer bees
  5 wights
  5 howler monkeys
  A bullfrog zombie (D:5)
  A centaur zombie (D:9)
  2 hounds (D:4)
  3 jellies
  2 orc priests
  A bullfrog skeleton (D:4)
  4 gnoll shamans
  2 iguanas
  5 orc wizards
  A killer bee zombie (D:6)
  A hound zombie (D:5)
  2 hound skeletons (D:4)
  Robin (D:3)
  A howler monkey zombie (D:6)
  22 gnolls
  5 adders
  A shadow imp (D:5)
  A white imp (D:6)
  2 ufetubi
  An adder skeleton (D:4)
  4 worms
  3 dart slugs
  23 orcs
  10 ball pythons
  7 bats
  5 endoplasms
  2 giant cockroaches
  11 goblins
  6 hobgoblins
  2 jackals (D:2)
  3 quokkas
  9 frilled lizards
  11 kobolds
  8 rats
225 creatures vanquished.

Vanquished Creatures (others)
  9 plants
9 creatures vanquished.

Grand Total: 234 creatures vanquished

Notes
Turn   | Place    | Note
-------+----------+-------------------------------------------
     0 | D:1      | tatocazan the Gargoyle Fighter began the quest for the Orb.
     0 | D:1      | Reached XP level 1. HP: 14/14 MP: 1/1
   132 | D:1      | Reached XP level 2. HP: 10/19 MP: 2/2
   846 | D:1      | Reached XP level 3. HP: 23/23 MP: 3/3
  1580 | D:2      | Reached XP level 4. HP: 25/29 MP: 4/4
  1815 | D:2      | Reached skill level 4 in Fighting
  2305 | D:3      | Noticed Robin
  2488 | D:3      | Killed Robin
  2489 | D:3      | Reached XP level 5. HP: 30/33 MP: 5/5
  2990 | D:3      | Noticed Grinder
  3011 | D:3      | Paralysed by Grinder for 6 turns
  3023 | D:3      | Paralysed by Grinder for 6 turns
  3035 | D:3      | Paralysed by Grinder for 3 turns
  3046 | D:3      | Paralysed by Grinder for 3 turns
  3052 | D:3      | Killed Grinder
  3053 | D:3      | Reached XP level 6. HP: 23/40 MP: 6/6
  3428 | D:3      | Found a faded altar of an unknown god.
  3491 | D:4      | Reached skill level 5 in Fighting
  3678 | D:4      | Reached skill level 5 in Armour
  3678 | D:4      | Reached skill level 5 in Shields
  3678 | D:4      | Reached XP level 7. HP: 37/44 MP: 7/7
  4474 | D:5      | Entered Level 5 of the Dungeon
  5108 | D:5      | Reached XP level 8. HP: 47/51 MP: 8/8
  5356 | D:5      | Reached skill level 6 in Fighting
  5703 | D:6      | Reached skill level 5 in Maces & Flails
  6010 | D:6      | Noticed a yak
  6020 | D:6      | Killed a yak
  6146 | D:6      | Identified the +7 spear of Ihuan Irou {venom, Drain Will++
                  | rCorr Int+2}
  6146 | D:6      | Identified the -1 buckler of Xeoper {rPois rF- Str+2 Dex+2}
  6530 | D:6      | Found a transporter.
  6625 | D:6      | Found a transporter.
  6796 | D:6      | Noticed murtidash's ghost (novice HODe)
  7361 | D:6      | Reached XP level 9. HP: 42/56 MP: 9/9
  7380 | D:6      | Killed murtidash's ghost
  7381 | D:6      | Reached skill level 7 in Fighting
  7911 | D:7      | Found a runed translucent door.
  7911 | D:7      | Found a shimmering altar of Xom.
  7911 | D:7      | Noticed Adrian566's ghost (novice HOFi)
  7911 | D:7      | Noticed a +0 dagger of chaos
  8057 | D:7      | Found a staircase to the Ecumenical Temple.
  8075 | Temple   | Entered the Ecumenical Temple
  8352 | Temple   | Became a worshipper of Warmaster Okawaru
  8474 | D:7      | Reached skill level 8 in Fighting
  9143 | D:8      | Noticed Maggie
  9156 | D:8      | Killed Maggie
  9157 | D:8      | Reached XP level 10. HP: 57/64 MP: 10/10
  9239 | D:8      | Noticed Grum
  9588 | D:7      | Killed Grum
  9827 | D:8      | Reached * piety under Okawaru
 10358 | D:8      | Noticed Psyche
 10389 | D:7      | Killed Psyche
 10559 | D:8      | Found a staircase to the Lair.
 10853 | D:9      | Found a staircase to the Orcish Mines.
 10950 | D:9      | Noticed a manticore
 10958 | D:9      | Killed a manticore
 10959 | D:9      | Reached skill level 9 in Fighting
 11641 | D:8      | HP: 3/66 [wight (8)]
 11651 | D:8      | Reached ** piety under Okawaru
 12083 | D:9      | Found Luloum's Distillery.
 12481 | D:9      | Reached skill level 1 in Invocations
 13156 | D:10     | Entered Level 10 of the Dungeon
 13343 | D:10     | Noticed a deep elf pyromancer
 13351 | D:10     | Killed a deep elf pyromancer
 13352 | D:10     | Reached XP level 11. HP: 55/71 MP: 11/13
 13448 | D:10     | Found a glowing golden altar of the Shining One.
 13890 | D:10     | Found Mosait's Distillery.
 14096 | D:11     | Noticed a two-headed ogre
 14103 | D:11     | Killed a two-headed ogre
 14103 | D:11     | Reached *** piety under Okawaru
 14489 | D:11     | You fall into a shaft and drop 2 floors!
 14519 | D:13     | Noticed a centaur warrior
 14525 | D:13     | Killed a centaur warrior
 14525 | D:13     | Reached **** piety under Okawaru
 14526 | D:13     | Reached skill level 10 in Fighting
 14585 | D:13     | Noticed an eight-headed hydra
 14587 | D:13     | Noticed a yaktaur captain
 14593 | D:13     | Slain by an eight-headed hydra

Illustrated notes

Levels and vault maps discovered:
D:1:      co_arrival_random_square_maze, layout_loops_ring,
          nicolae_figureground_pulse
D:2:      layout_basic
D:3:      layout_basic, shapermc_ecumenical_altar_hornbeckon, uniq_grinder,
          uniq_robin
D:4:      layout_loops_cross, kennysheep_path_1
D:5:      layout_cave_pools
D:6:      layout_loops_corners, gammafunk_ghost_gnarly_gnolls, minmay_holes,
          minmay_circle_x
D:7:      layout_basic, minmay_temple_entry_ruins, ebering_ghost_xom
D:8:      hellmonk_crumbling_castle, layout_rooms, uniq_grum, uniq_maggie,
          uniq_psyche
D:9:      layout_grid_maze, orc_0_dummy, serial_shops, shop
D:10:     layout_roguey, kennysheep_mini_moat, serial_shops, shop,
          grunt_ministairs_15
D:11:     layout_basic, serial_shops, kennysheep_mini, feat_on_display,
          uniq_erica
D:13:     layout_roguey, david_vaults_2, nicolae_underground_beach
Temple:   mainiacjoe_temple_hex_bubbles

Skill      XL: |  1  2  3  4  5  6  7  8  9 10 11 |
---------------+----------------------------------+-----
Fighting       | 4 5 6 8 9 10 | 10.0
Armour         | 4 5 6 8 9 |  9.9
Shields        | 4 5 6 8 9 |  9.0
Maces & Flails | 3 4 5 7 8 9 |  9.7
Invocations    | 2 4 |  4.0

Action                   |  1- 3 |  4- 6 |  7- 9 | 10-12 || total
-------------------------+-------+-------+-------+-------++-------
Melee: Flail             |   130 |   183 |   401 |   353 ||  1067
Throw: Dart              |       |       |     3 |     5 ||     8
  Use: Scroll            |       |     5 |     2 |     1 ||     8
       Potion            |       |       |     4 |     1 ||     5
 Stab: Invisible         |       |       |       |     1 ||     1
Armor: Scale mail        |    76 |   112 |   337 |   264 ||   789
       Skin              |       |       |    48 |       ||    48
Dodge: Dodged            |    66 |    93 |   226 |   198 ||   583
Block: Buckler           |    33 |    39 |   141 |   132 ||   345

Table legend: (Time is in decaauts)
 A = Elapsed time spent in this place.
 B = Non-inter-level travel time spent in this place.
 C = Inter-level travel time spent in this place.
 D = Time resting spent in this place.
 E = Time spent auto-exploring this place.
 F = Levels seen in this place.
 G = Mean time per level.
                   A        B        C        D        E       F      G
               +--------+--------+--------+--------+--------+-----+--------+
         Total |  14772 |  14411 |    361 |   4249 |   7707 |  13 | 1136.3 |
       Dungeon |  14479 |  14165 |    314 |   4249 |   7464 |  12 | 1206.6 |
        Temple |    292 |    245 |     47 |      0 |    243 |   1 |  292.0 |
               +--------+--------+--------+--------+--------+-----+--------+

Top non-repeatable levels by time:
     D:6: 2129 daAuts
     D:8: 1770 daAuts
     D:7: 1709 daAuts
     D:9: 1638 daAuts
     D:4: 1548 daAuts
     D:1: 1467 daAuts
     D:3: 1112 daAuts
     D:2: 974 daAuts
    D:10: 919 daAuts
     D:5: 695 daAuts
    D:11: 410 daAuts
  Temple: 292 daAuts
    D:13: 103 daAuts
